Get step-by-step instructions on how to execute this build order below. Start the game timer, and the build order will tick by so you can play in parallel with StarCraft on a second screen or mobile device.

Game Time

  0:00

Last Step

  N/A

Next Step

Upcoming Step



Don't want to look back and forth between 2 screens? Try out our Overwolf App, the Spawning Tool Build Advisor to get an in-game overlay with this build!

Complete Build Order

  12  0:01  Probe (Chrono Boost)  
  13  0:11  Probe (Chrono Boost)  
  14  0:19  Pylon  
  14  0:23  Probe (Chrono Boost)  
  15  0:38  Forge  
  15  0:41  Probe (Chrono Boost)  
  16  0:55  Pylon  
  16  1:01  Probe (Chrono Boost)  
  17  1:15  Photon Cannon  
  17  1:18  Gateway  
  17  1:30  Photon Cannon  
  16  1:35  Pylon  
  16  1:36  Pylon  
  17  1:44  Pylon  
  16  1:50  Probe (Chrono Boost)  
  16  2:03  Probe (Chrono Boost)  
  17  2:13  Nexus  
  17  2:14  Probe (Chrono Boost)  
  18  2:28  Cybernetics Core  
  18  2:36  Photon Cannon  
  18  2:37  Probe (Chrono Boost)  
  18  2:44  Assimilator  
  19  2:47  Assimilator  
  19  2:50  Probe (Chrono Boost)  
  20  2:57  Pylon  
  20  3:02  Probe (Chrono Boost)  
  21  3:12  Probe (Chrono Boost)  
  22  3:18  Photon Cannon  
  22  3:23  Probe (Chrono Boost)  
  22  3:26  Probe (Chrono Boost)  
  24  3:33  Probe (Chrono Boost)  
  25  3:40  Probe (Chrono Boost)  
  26  3:42  Stargate  
  26  3:45  Probe (Chrono Boost)  
  27  3:50  Probe (Chrono Boost)  
  27  3:54  Photon Cannon  
  28  3:56  Probe (Chrono Boost)  
  28  4:01  Probe (Chrono Boost)  
  30  4:07  Probe (Chrono Boost)  
  30  4:08  Assimilator  
  31  4:18  Probe (Chrono Boost)  
  31  4:21  Probe (Chrono Boost)  
  33  4:24  Oracle  
  33  4:29  Probe (Chrono Boost)  
  37  4:32  Probe (Chrono Boost)  
  37  4:33  Pylon  
  37  4:37  Assimilator  
  38  4:39  Probe (Chrono Boost)  
  39  4:50  Fleet Beacon  
  39  4:55  Probe (Chrono Boost)  
  39  4:57  Probe (Chrono Boost)  
  41  5:05  Probe (Chrono Boost)  
  42  5:07  Stargate  
  42  5:08  Probe (Chrono Boost)  
  43  5:16  Probe (Chrono Boost)  
  43  5:18  Probe (Chrono Boost)  
  42  5:26  Photon Cannon x2, Probe (Chrono Boost)  
  43  5:29  Carrier  
  43  5:32  Photon Cannon  
  50  5:44  Probe (Chrono Boost)  
  50  5:47  Mothership Core (Chrono Boost)  
  52  6:00  Pylon  
  52  6:06  Carrier  
  52  6:11  Protoss Air Weapons Level 1  
  52  6:12  Pylon  
  58  6:21  Probe (Chrono Boost)  
  59  6:31  Nexus  
  59  6:32  Pylon  
  59  6:44  Probe (Chrono Boost)  
  60  6:54  Pylon  
  60  6:55  Carrier  
  65  7:15  Robotics Facility  
  65  7:19  Stargate  
  65  7:26  Tempest  
  65  7:27  Pylon  
  65  7:31  Photon Cannon  
  69  7:54  Pylon  
  69  8:03  Observer  
  69  8:04  Tempest  
  69  8:05  Tempest  
  78  8:39  Assimilator  
  78  8:41  Assimilator  
  78  8:44  Carrier  
  84  9:23  Tempest  
  84  9:29  Nexus  
  84  9:31  Pylon  
  88  9:32  Pylon  
  88  9:34  Pylon  
  88  9:41  Assimilator  
  88  9:47  Assimilator  
  88  9:57  Photon Cannon  
  88  9:59  Photon Cannon  
  88  10:00  Carrier  
  88  10:01  Photon Cannon  
  88  10:03  Photon Cannon  
  88  10:05  Photon Cannon  
  94  10:09  Photon Cannon  
  94  10:11  Photon Cannon  
  94  10:13  Probe (Chrono Boost)  
  95  10:14  Carrier  
  95  10:19  Probe (Chrono Boost)  
  102  10:22  Tempest  
  107  10:37  Probe (Chrono Boost)  
  107  10:39  Protoss Air Weapons Level 2, Observer  
  107  10:41  Probe x2 (Chrono Boost)  
  110  10:55  Probe (Chrono Boost)  
  111  11:00  Oracle  
  114  11:25  Carrier  
  113  11:26  Carrier  
  119  11:37  Probe (Chrono Boost)  
  126  11:47  Nexus  
  126  11:49  Pylon x2  
  126  11:51  Carrier, Pylon  
  132  12:04  Pylon  
  132  12:06  Pylon  
  131  12:49  Warp Gate  
  131  12:51  Carrier  
  131  12:58  Nexus  
  137  12:59  Twilight Council  
  137  13:00  Pylon x2  
  137  13:01  Probe (Chrono Boost)  
  138  13:09  Gateway  
  138  13:10  Gateway  
  138  13:20  Photon Cannon  
  138  13:22  Photon Cannon  
  138  13:23  Photon Cannon  
  124  13:48  Mothership Core (Chrono Boost)  
  126  13:50  Tempest  
  126  13:55  Tempest  
  134  14:17  Tempest  
  138  14:27  Tempest  
  138  14:36  Nexus  
  138  14:37  Pylon  
  142  14:39  Pylon  
  142  15:15  Photon Cannon  
  142  15:16  Photon Cannon  
  142  15:17  Photon Cannon  
  142  15:19  Photon Cannon  
  142  15:21  Photon Cannon  
  142  15:25  Assimilator  
  142  15:27  Assimilator  
  142  15:32  Photon Cannon  
  113  16:29  Oracle  
  116  16:35  Templar Archives  
  116  16:37  Protoss Air Weapons Level 3  
  115  17:26  Tempest  
  115  17:31  Tempest  
  115  17:32  Tempest  
  127  17:43  Psionic Storm  
  127  17:52  High Templar x2  
  127  17:53  Stargate  
  131  18:08  Carrier  
  137  18:21  Oracle  
  137  18:22  Carrier  
  146  18:37  Nexus  
  146  18:47  Pylon  
  146  18:49  Pylon  
  146  18:50  Pylon  
  146  19:01  High Templar  
  148  19:06  Photon Cannon  
  131  19:42  Tempest x2  
  139  20:00  Observer  
  135  20:20  Probe (Chrono Boost)  
  135  20:21  Observer  
  122  22:13  High Templar  
  121  22:27  High Templar  
  105  22:50  High Templar  
  107  22:52  Observer  
  107  22:53  Oracle, Protoss Air Armor Level 1  
  111  23:14  High Templar  
  113  23:26  High Templar  
  115  24:04  High Templar x2  
  115  24:05  Probe x2 (Chrono Boost)  
  121  24:15  Archon  
  121  24:17  Probe (Chrono Boost)  
  121  24:33  Nexus  
  121  24:35  Pylon  
  121  24:37  Pylon  
  121  24:38  Pylon  
  78  25:00  High Templar x2  
  82  25:09  Observer  
  82  25:10  Oracle  
  86  25:33  Observer  
  86  25:34  High Templar x2  
  85  25:55  Observer  
  73  26:57  Gateway  
  73  26:59  Gateway  
  73  27:18  Pylon  
  84  28:01  High Templar x2